 Dungeon Crawl Stone Soup version 0.19.0-22-gd96e5fe (webtiles) character file.

135 joejoepie the Shooter (level 4, -1/36 HPs)
             Began as a Centaur Arcane Marksman on Nov 19, 2016.
             Was a Follower of Elyvilon.
             Slain by a slave (6 damage)
             ... led by Pikel
             ... on level 3 of the Dungeon.
             The game lasted 00:28:06 (4426 turns).

joejoepie the Shooter (Centaur Arcane Marksman)     Turns: 4426, Time: 00:28:07

Health: -1/36      AC:  8    Str: 13    XL:     4   Next: 97%
Magic:  5/5        EV:  8    Int: 12    God:    Elyvilon [*.....]
Gold:   148        SH:  0    Dex: 10    Spells: 2 memorised, 2 levels left

rFire  . . .     SeeInvis .     b - +0 rapier
rCold  . . .     Gourm    .     p - +0 ring mail
rNeg   . . .     Faith    .     (no shield)
rPois  .         Spirit   .     z - +0 helmet
rElec  .         Reflect  .     (no cloak)
rCorr  .         Harm     .     (no gloves)
MR     .....                    (no barding)
Stlth  ..........               (no amulet)
                                (no ring)
                                (no ring)

@: very quick
A: hooves 3, slimy green scales 1, deformed body, speed 2, tough skin 3
a: Lesser Healing, Divine Protection, Renounce Religion


You were on level 3 of the Dungeon.
You worshipped Elyvilon.
Elyvilon was aware of your devotion.
You were not hungry.

You visited 1 branch of the dungeon, and saw 4 of its levels.

You collected 148 gold pieces.

Inventory:

Hand Weapons
 a - a +0 shortbow
 b - a +0 rapier (weapon)
 l - a +0 club
 m - a +0 spear
 q - a +0 club
 s - a +0 dagger
 u - a +0 hunting sling
 x - a +0 spear
Missiles
 d - 19 arrows
 h - 29 bolts
 k - 74 stones (quivered)
 A - 31 sling bullets
Armour
 e - a +0 robe
 j - a +0 robe of positive energy
 p - a +0 ring mail (worn)
 v - a +0 chain mail
 y - a +0 animal skin
 z - a +0 helmet (worn)
 C - a +0 animal skin
 D - a +0 animal skin
Wands
 t - a wand of random effects (33/48)
Scrolls
 r - a scroll of remove curse
Potions
 n - a potion of might
 B - a potion of curing
Books
 c - a book of Debilitation

   Spells                             Type                      Level
   a - Corona                         Hexes                        1
   b - Slow                           Hexes                        2
   c - Gell's Gravitas                Hexes/Translocation          3
   d - Inner Flame                    Hexes/Fire                   3
   e - Cause Fear                     Hexes                        4
   f - Leda's Liquefaction            Hexes/Earth                  4
Comestibles
 f - 5 bread rations
 g - a beef jerky
 i - 7 fruits
 o - 2 meat rations
 w - 3 chunks of flesh


   Skills:
 + Level 1.7 Fighting
 + Level 1.0 Short Blades
 + Level 4.8 Bows
 + Level 0.7 Armour
 + Level 1.8 Dodging
 + Level 0.1 Stealth
 + Level 1.1 Spellcasting
 + Level 3.2 Hexes


You had 2 spell levels left.
You knew the following spells:

 Your Spells              Type           Power        Failure   Level  Hunger
a - Corona                Hex            #......      17%         1    ##.....
b - Slow                  Hex            #.......     24%         2    ###....


Dungeon Overview and Level Annotations

Branches:
Dungeon (4/15)             Temple (0/1) D:4

Altars:
Elyvilon
Gozag
Uskayaw
The Shining One

Annotations:
D:4 Pikel


Innate Abilities, Weirdness & Mutations

You have hooves in place of feet.
Armour fits poorly on your strangely shaped body.
You cover ground very quickly.
You have extremely tough skin. (AC +3)
You are partially covered in slimy green scales. (AC +2)


Message History

You hit the slave.
The slave is moderately wounded.
The slave barely misses you.
You puncture the slave! Your kick misses the slave.
The slave is severely wounded.
The slave hits you.
You closely miss the slave.
The slave is severely wounded.
The slave hits you.
You barely miss the slave. Your kick misses the slave.
The slave is severely wounded.
The slave hits you but does no damage.
You closely miss the slave.
The slave is severely wounded.
The slave hits you but does no damage. The slave hits you.
* * * LOW HITPOINT WARNING * * *
You hit the slave.
The slave is severely wounded.
The slave hits you.
You die...

#.# #........##....##.# #.#
#.................# ..#
#............#.#### ###
#.#####..##..#.# #
#...........)..# ###
##)............# ..#
#)####.<##..#.# #.#
#.####..##.p#.# #######
#.####)#........@#.# #.....#
.......#.##..#####.# ####.###.#
..#.##.#.##..#####.# #......#.#
.)#................#####.##.#.#.#
..####.#.########........##.....#
.......#.## #.#####..####....
#######.).# #.#####..# #####
#...# #........# #...####
##..#.##.##


You could see a slave.

Vanquished Creatures
  2 slaves (D:3)
  A worker ant (D:2)
  Robin (D:3)
  2 adders (D:3)
  An ooze (D:3)
  3 leopard geckos (D:1)
  2 orcs (D:3)
  3 giant cockroaches
  14 goblins
  14 hobgoblins
  3 jackals (D:3)
  A ball python (D:3)
  6 bats
  4 frilled lizards
  7 kobolds
  6 rats
70 creatures vanquished.

Vanquished Creatures (others)
  A worm (D:2)
1 creature vanquished.

Grand Total: 71 creatures vanquished

Notes
Turn   | Place    | Note
-------+----------+-------------------------------------------
     0 | D:1      | joejoepie the Centaur Arcane Marksman began the quest for the Orb.
     0 | D:1      | Reached XP level 1. HP: 16/16 MP: 2/2
   213 | D:1      | Reached skill level 3 in Bows
   258 | D:1      | Reached XP level 2. HP: 23/23 MP: 3/3
   672 | D:1      | Learned a level 2 spell: Slow
  1433 | D:2      | Found a white marble altar of Elyvilon.
  1454 | D:2      | Became a worshipper of Elyvilon the Healer
  1515 | D:2      | Gained mutation: You are partially covered in slimy green scales. (AC +2) [potion of beneficial mutation]
  1830 | D:2      | Found an opulent altar of Gozag.
  1998 | D:2      | Reached XP level 3. HP: 28/28 MP: 4/4
  2558 | D:3      | Reached * piety under Elyvilon
  2564 | D:3      | Noticed Robin
  2976 | D:2      | Reached skill level 4 in Bows
  2976 | D:2      | Reached XP level 4. HP: 8/35 MP: 5/5
  3287 | D:3      | Killed Robin
  3612 | D:3      | Found a glowing golden altar of the Shining One.
  3830 | D:3      | Found a hide-covered altar of Uskayaw.
  3924 | D:3      | Reached skill level 1 in Short Blades
  4283 | D:4      | Noticed Pikel
  4283 | D:4      | Noticed a slave
  4285 | D:4      | Noticed a slave
  4289 | D:4      | Noticed a slave
  4296 | D:3      | Killed a slave
  4349 | D:4      | Noticed a slave
  4362 | D:3      | Killed a slave
  4391 | D:4      | Found a staircase to the Ecumenical Temple.
  4426 | D:3      | Slain by a slave

Skill      XL: |  1  2  3  4 |
---------------+-------------+-----
Bows           | 3 4 |  4.8
Hexes          | 3 |  3.2
Short Blades   | 1 |  1.0
Fighting       | |  1.7
Armour         | |  0.7
Dodging        | |  1.8
Stealth        | |  0.1
Spellcasting   | |  1.1

Action                   |  1- 3 |  4- 6 || total
-------------------------+-------+-------++-------
Melee: Club              |    16 |       ||    16
       Kick              |     8 |    12 ||    20
       Dagger            |     8 |       ||     8
       Rapier            |    34 |    74 ||   108
 Fire: Shortbow          |    93 |    58 ||   151
 Cast: Corona            |     3 |       ||     3
  Use: Scroll            |     8 |       ||     8
       Potion            |     5 |     1 ||     6
  Eat: Bread ration      |     1 |     1 ||     2
Armor: Robe              |    14 |       ||    14
       Ring mail         |    37 |    44 ||    81
Dodge: Dodged            |    48 |    32 ||    80
